 Dungeon Crawl Stone Soup version 0.30-a0-393-g54b8e3be05 (webtiles) character file.

Game seed: 1420024081022565738

6464 Engwar the Fighter (level 11, -13/84 HPs)
             Began as a Djinni Necromancer on Dec 5, 2022.
             Was an Initiate of Makhleb.
             Killed by divine providence
             ... invoked by an orc priest
              (14 damage)
             ... on level 10 of the Dungeon.
             The game lasted 00:37:13 (10049 turns).

Engwar the Fighter (Djinni Necromancer)            Turns: 10049, Time: 00:37:13

Health: -13/84     AC: 15    Str:  7    XL:     11   Next: 19%
Gold:   418        EV: 13    Int: 21    God:    Makhleb [......] SH:  0 Dex: 14

rFire   + + .      SeeInvis .    p - +3 dagger (drain)
rCold   x . .      Faith    .    (no shield)
rNeg    . . .      Spirit   .    G - +0 acid dragon scales
rPois   ∞          Reflect  .    D - +0 helmet
rElec   .          Harm     .    o - +0 cloak {Will+}
rCorr   +          Rampage  .    g - +0 pair of gloves
Will    ++...                    (boots unavailable)
Stlth   +.........               (no amulet)
HPRegen 0.34/turn                v - +4 ring of protection
MPRegen 0.00/turn                (no ring)

@: flying
A: sickness immunity, fire resistance 2, cold vulnerability 1, float, innate
caster, HP casting, extra vitality 1
a: Renounce Religion


You were on level 10 of the Dungeon.
You worshipped Makhleb.
Makhleb was noncommittal.
You visited 2 branches of the dungeon, and saw 11 of its levels.
You also visited: Bailey.

You collected 575 gold pieces.
You spent 157 gold pieces at shops.

Inventory:

Hand Weapons
 p - a +3 dagger of draining (weapon)
Missiles
 a - a throwing net
Armour
 g - a +0 pair of gloves (worn)
 o - a +0 cloak of willpower (worn)
 q - a +0 tower shield
 D - a +0 helmet (worn)
 G - +0 acid dragon scales (worn)
Jewellery
 v - a +4 ring of protection (left hand)
Wands
 y - a wand of mindburst (22)
 E - a wand of charming (4)
Scrolls
 c - 2 scrolls of fear
 i - 2 scrolls of poison
 l - 6 scrolls of butterflies
 r - a scroll of vulnerability
 s - 2 scrolls of blinking
 t - 3 scrolls of teleportation
 w - 2 scrolls of identify
 x - a scroll of magic mapping
 B - a scroll of enchant weapon
Potions
 b - 3 potions of mutation
 d - a potion of might
 e - 2 potions of brilliance
 f - 3 potions of cancellation
 h - a potion of haste
 j - a potion of berserk rage
 k - a potion of flight
 m - a potion of heal wounds
 n - 2 potions of attraction
 u - 6 potions of curing
 z - 2 potions of lignification


   Skills:
 + Level 9.5 Fighting
 - Level 5.0 Armour
 + Level 6.9 Dodging
 - Level 1.5 Stealth
 - Level 4.1 Shields
 + Level 8.2 Spellcasting


You had one spell level left.
You knew the following spells:

 Your Spells              Type           Power      Damage    Failure   Level
a - Necrotise             Necr           100%       1d9       1%          1
b - Vampiric Draining     Necr           43%        2d9       1%          3
c - Animate Dead          Necr           43%        N/A       4%          4
d - Agony                 Necr           43%        N/A       13%         5
e - Magic Dart            Conj           100%       1d8       1%          1
f - Momentum Strike       Conj/Tloc      86%        3d10      1%          2
g - Wereblood             Tmut           43%        N/A       1%          2
h - Summon Guardian Gole  Hex/Summ       43%        N/A       1%          3
i - Animate Armour        Summ/Erth      86%        N/A       4%          4
Your spell library was empty.

Dungeon Overview and Level Annotations

Branches:
Dungeon (10/15)            Temple (1/1) D:4            Lair (0/5) D:8
 Bailey (visited)
    Orc: D:9-12

Altars:
Ashenzari
Cheibriados
Dithmenos
Elyvilon
Fedhas
Gozag
Hepliaklqana
Makhleb
Nemelex Xobeh
Okawaru
Qazlal
Ru
Trog
Uskayaw
Wu Jian
Xom
Yredelemnul
Zin
The Shining One

Shops:
D:1 *   D:5 [

Annotations:
D:3 3 runed translucent doors, Decritt's ghost, amateur DjEE


Innate Abilities, Weirdness & Mutations

You are immune to sickness and miasma.
You are immune to poison.
Your flesh is very heat resistant. (rF++)
You are vulnerable to cold. (rC-)
You float through the air rather than walking.
You learn spells naturally, not from books.
Your magical power is your life essence.
You have superior vitality. (+4 MHP)


Message History

An orc priest comes into view. It is wielding a +0 falchion.
Casting: Vampiric Draining (safe; 1% risk of failure)
Confirm with . or Enter, or press ? or * to list all spells.
Aiming: Vampiric Draining (safe; 1% risk of failure)
Press: ? - help, Shift-Dir - straight line, f/p - orc warrior
Aim: an orc warrior, wielding a +0 glaive and wearing a +0 plate armour (heavily wounded)
You draw life force from the orc warrior!
You feel life coursing into your body.
The orc warrior hits you with a +0 glaive.
An orc priest comes into view. It is wielding a +0 whip.
Casting: Vampiric Draining (safe; 1% risk of failure)
Confirm with . or Enter, or press ? or * to list all spells.
Aiming: Vampiric Draining (safe; 1% risk of failure)
Press: ? - help, Shift-Dir - straight line, f/p - orc warrior
Aim: an orc warrior, wielding a +0 glaive and wearing a +0 plate armour (almost dead)
You draw life force from the orc warrior!
You kill the orc warrior!
Makhleb accepts your kill.
You feel life coursing into your body.
The orc wizard points at you and mumbles some strange words.
The magic dart hits you!
Casting: Vampiric Draining (safe; 1% risk of failure)
Confirm with . or Enter, or press ? or * to list all spells.
A guardian golem appears, shielding your allies.
The orc priest calls down the wrath of Beogh upon you.
Beogh smites you!
* * * LOW HITPOINT WARNING * * *
The orc priest looks satisfied for a moment.
You swap places.
The orc wizard hits your guardian golem but does no damage.
The orc priest mumbles some strange prayers to Beogh against you.
Beogh smites you!
* * * LOW HITPOINT WARNING * * *
The orc priest mumbles some strange prayers to Beogh against you.
Beogh smites you!
* * * LOW HITPOINT WARNING * * *
The orc wizard hits your guardian golem but does no damage.
The orc priest mumbles some strange prayers to Beogh against you.
Beogh smites you!
You die...

#####. #...... #.....##.# #
....... #.#.####.# # #......#
#.#.# #.# # #.#....
#.#.####o# # #.##.#.
#.#.....o# # #.##.#.
#.#####o.# # ... ..# #.)# #
#.###############..####
#######.#......)@.9oo{oo....#
##...##.#.######.#####..###.#
......#....## #.# #..# #
.###.#......####.# #....
.##..............# #..###
.##..#......###### #..#
#.#.........# #..#
#...#......# #..#
##.##.#...## #..#


You could see 2 orc priests, an orc wizard (ally target), an orc and a friendly
guardian golem (summoned).

Vanquished Creatures
  A two-headed ogre (D:9)
  A cyclops (D:10)
  A troll (D:10)
  2 yaks (D:8)
  A wyvern (D:7)
  4 steam dragons
  2 water moccasins (D:8)
  An ice beast (D:6)
  4 orc warriors
  2 black bears
  A sky beast (D:7)
  5 centaurs
  3 kobold brigands
  5 bullfrogs
  A gnoll sergeant (D:8)
  2 necrophages
  3 scorpions
  8 wights
  9 killer bees
  4 howler monkeys (D:8)
  2 quasits (D:6)
  2 jellies
  Crazy Yiuf (D:3)
  3 hounds
  2 orc priests
  5 iguanas
  Natasha (twice) (D:4)
  5 orc wizards
  9 gnolls
  4 adders
  2 shadow imps (D:6)
  3 white imps
  An ufetubus (D:6)
  2 worms (D:2)
  3 dart slugs
  33 orcs
  6 endoplasms
  3 giant cockroaches
  13 goblins
  5 hobgoblins
  16 kobolds
  6 quokkas
  7 ball pythons
  5 bats
  2 frilled lizards
  3 rats
205 creatures vanquished.

Vanquished Creatures (collateral kills)
  2 gnolls (D:8)
  3 orcs
  A bat (D:2)
  A giant cockroach (D:2)
  A hobgoblin (D:2)
  A ball python (D:1)
  A rat (D:2)
10 creatures vanquished.

Vanquished Creatures (others)
  An acid dragon (D:9)
  An orc warrior (D:9)
  A black bear zombie (D:7)
  A bullfrog zombie (D:7)
  2 killer bee zombies (D:8)
  A gnoll (D:8)
  A bat zombie (D:2)
  4 gnoll zombies
  A kobold (D:7)
  2 orc zombies (D:8)
  5 demonic plants (D:6)
  39 fungi (D:8)
  39 plants
98 creatures vanquished.

Grand Total: 313 creatures vanquished

Notes
Turn   | Place    | Note
-------+----------+-------------------------------------------
     0 | D:1      | Engwar the Djinni Necromancer began the quest for the Orb.
     0 | D:1      | Engwar set off with the following spells memorised:
                  | Necrotise, Vampiric Draining, Animate Dead, Agony.
     0 | D:1      | Reached XP level 1. HP: 15/15 MP: 0/0
   177 | D:1      | Found Demono's Assorted Antiques.
   190 | D:1      | Reached XP level 2. HP: 7/22 MP: 0/0
   529 | D:1      | Reached skill level 1 in Fighting
   534 | D:1      | Reached XP level 3. HP: 14/27 MP: 0/0
   534 | D:1      | Learned a level 1 spell: Magic Dart
   997 | D:2      | Reached XP level 4. HP: 20/32 MP: 0/0
  1445 | D:2      | Reached XP level 5. HP: 31/38 MP: 0/0
  1445 | D:2      | Learned a level 2 spell: Momentum Strike
  1514 | D:2      | Reached skill level 2 in Fighting
  2188 | D:3      | Found a runed translucent gate.
  2189 | D:3      | Found a runed translucent gate.
  2190 | D:3      | Found a runed translucent gate.
  2191 | D:3      | Noticed Decritt's ghost (amateur DjEE)
  2194 | D:3      | Identified the +3 leather armour of the Merchant {rPois
                  | MP+9 Int-5}
  2293 | D:3      | Found a faded altar of an unknown god.
  2552 | D:3      | Reached XP level 6. HP: 41/45 MP: 0/0
  2653 | D:3      | Found a runed translucent door.
  2654 | D:3      | Noticed Crazy Yiuf
  2660 | D:3      | Killed Crazy Yiuf
  3422 | D:4      | Reached skill level 3 in Fighting
  3422 | D:4      | Reached skill level 5 in Spellcasting
  3440 | D:4      | Noticed Natasha
  3450 | D:4      | Killed Natasha
  3580 | D:4      | Found a staircase to the Ecumenical Temple.
  3589 | Temple   | Entered the Ecumenical Temple
  4059 | D:4      | Noticed Natasha
  4064 | D:4      | Killed Natasha
  4065 | D:4      | Reached XP level 7. HP: 48/50 MP: 0/0
  4065 | D:4      | Learned a level 2 spell: Wereblood
  4110 | D:4      | Reached skill level 1 in Shields
  4159 | D:5      | Entered Level 5 of the Dungeon
  4207 | D:5      | Reached skill level 4 in Fighting
  4448 | D:5      | Reached XP level 8. HP: 41/58 MP: 0/0
  4454 | D:5      | Found a shimmering altar of Xom.
  4616 | D:5      | Found Vokodyet's Antique Armour Shop.
  4622 | D:5      | Bought a runed cloak for 157 gold pieces
  5129 | D:6      | Found a broken altar of Ashenzari.
  5133 | D:6      | Found a hide-covered altar of Uskayaw.
  5185 | D:6      | Found an iron altar of Okawaru.
  5185 | D:6      | Found a bloodstained altar of Trog.
  5192 | D:6      | Found a snail-covered altar of Cheibriados.
  5222 | D:6      | Reached skill level 5 in Fighting
  5878 | D:7      | Reached XP level 9. HP: 54/66 MP: 0/0
  5878 | D:7      | Learned a level 3 spell: Summon Guardian Golem
  6033 | D:7      | Reached skill level 6 in Fighting
  6085 | D:7      | Found a sacrificial altar of Ru.
  6331 | D:7      | Reached skill level 5 in Dodging
  6615 | D:7      | HP: 1/67 [wight/+3 halberd (9)]
  7094 | D:7      | Reached skill level 1 in Armour
  7414 | D:8      | Reached skill level 7 in Fighting
  7442 | D:8      | Found a staircase to the Lair.
  7469 | D:8      | Reached XP level 10. HP: 67/75 MP: 0/0
  7598 | D:8      | Reached skill level 8 in Fighting
  7648 | D:8      | Found a flagged portal.
  7662 | Bailey   | Entered a bailey
  8535 | D:9      | Noticed a two-headed ogre
  8548 | D:9      | Killed a two-headed ogre
  8549 | D:9      | Reached skill level 5 in Armour
  8560 | D:9      | Identified the +0 plate armour "Disenih" {Dex+8}
  8591 | D:9      | Found a shadowy altar of Dithmenos.
  8613 | D:9      | Reached skill level 9 in Fighting
  8782 | D:9      | Found a burning altar of Makhleb.
  8793 | D:9      | Became a worshipper of Makhleb the Destroyer
  9763 | D:10     | Entered Level 10 of the Dungeon
  9806 | D:10     | Noticed a cyclops
  9824 | D:10     | Killed a cyclops
  9825 | D:10     | Reached XP level 11. HP: 72/84 MP: 0/0
  9825 | D:10     | Learned a level 4 spell: Animate Armour
  9889 | D:10     | Identified the +9 hand axe of the Depths {elec, Fragile Fly
                  | Str+2}
 10048 | D:10     | HP: 1/84 [orc priest/divine providence (11)]
 10049 | D:10     | Killed from afar by an orc priest

Illustrated notes

Levels and vault maps discovered:
D:1:      minmay_arrival_loop, layout_loops_ring, serial_shops, shop
D:2:      layout_basic
D:3:      layout_loops_corners, shapermc_ecumenical_altar_petra,
          biasface_ghost_orc_armoury, uniq_crazy_yiuf_cottage
D:4:      layout_basic, minmay_temple_entry_antechambers, serial_corexii_hall,
          corexii_hall_statues_s, corexii_hall_statues_l,
          minmay_misc_feat_diagonals, uniq_natasha
D:5:      layout_cave_pools, mainiacjoe_overflow_surrounded_room, serial_shops,
          shop
D:6:      layout_loops_ring, nicolae_overflow_hallway_of_the_gods,
          serial_demonic, serial_demonic_f, serial_demonic_b, serial_demonic_e,
          serial_demonic_e
D:7:      layout_loops_ring, mainiacjoe_overflow_24_doors
D:8:      layout_loops_ring, due_lair_maze_entry_diamond, enter_bailey_2,
          kennysheep_generic_room_15
D:9:      layout_loops_corners, nicolae_dithmenos_shadow_blocks,
          amcnicky_altar_gilded
D:10:     layout_loops_ring, david_orc_4
Temple:   nicolae_temple_figure_eight

Skill      XL: |  1  2  3  4  5  6  7  8  9 10 |
---------------+-------------------------------+-----
Fighting       | 1 2 3 4 5 7 9 |  9.5
Dodging        | 3 5 6 |  6.9
Spellcasting   | 4 5 6 7 8 |  8.2
Shields        | 2 4 |  4.1
Armour         | 2 5 |  5.0
Stealth        | |  1.5

Action                   |  1- 3 |  4- 6 |  7- 9 | 10-12 || total
-------------------------+-------+-------+-------+-------++-------
Melee: Dagger            |       |    49 |    62 |    11 ||   122
       Unarmed           |       |     4 |       |       ||     4
       Punch             |       |     1 |       |       ||     1
 Cast: Necrotise         |    47 |    27 |    12 |    11 ||    97
       Vampiric Draining |     5 |    36 |    64 |    76 ||   181
       Magic Dart        |       |    45 |   168 |   102 ||   315
       Animate Dead      |       |     8 |     2 |     2 ||    12
       Summon Guardian G |       |       |     1 |     9 ||    10
       Agony             |       |       |       |     1 ||     1
       Animate Armour    |       |       |       |     1 ||     1
  Use: Scroll            |       |    11 |    11 |     4 ||    26
 Stab: Sleeping          |       |     6 |     1 |     1 ||     8
       Distracted        |       |     1 |       |       ||     1
Armor: Robe              |     1 |    29 |    81 |       ||   111
       Steam dragon scal |       |       |    15 |    28 ||    43
       Acid dragon scale |       |       |       |    10 ||    10
Dodge: Dodged            |     9 |    41 |   160 |    89 ||   299

Table legend: (Time is in decaauts)
 A = Elapsed time spent in this place.
 B = Non-inter-level travel time spent in this place.
 C = Inter-level travel time spent in this place.
 D = Time resting spent in this place.
 E = Time spent auto-exploring this place.
 F = Levels seen in this place.
 G = Mean time per level.
                   A        B        C        D        E       F      G
               +--------+--------+--------+--------+--------+-----+--------+
         Total |  10049 |   9617 |    432 |    660 |   6729 |  12 |  837.4 |
       Dungeon |   9799 |   9378 |    421 |    660 |   6532 |  10 |  979.9 |
        Temple |    214 |    203 |     11 |      0 |    197 |   1 |  214.0 |
        Bailey |     34 |     34 |      0 |      0 |      0 |   1 |   34.0 |
               +--------+--------+--------+--------+--------+-----+--------+

Top non-repeatable levels by time:
     D:3: 1315 daAuts
     D:6: 1307 daAuts
     D:8: 1288 daAuts
     D:9: 1231 daAuts
     D:7: 1137 daAuts
     D:1: 971 daAuts
     D:2: 929 daAuts
     D:4: 759 daAuts
     D:5: 571 daAuts
    D:10: 285 daAuts
  Temple: 214 daAuts
  Bailey: 34 daAuts
